 Dungeon Crawl Stone Soup version 0.29.0-11-gd7f09526c8 (webtiles) character file.

Game seed: 1457125186906565737

20 funkygono the Firebug (level 2, -1/15 HPs)
             Began as a Gargoyle Fire Elementalist on Sept 3, 2022.
             Slain by a jackal (2 damage)
             ... on level 1 of the Dungeon.
             The game lasted 00:01:28 (859 turns).

funkygono the Firebug (Gargoyle Fire Elementalist)   Turns: 859, Time: 00:01:29

Health: -1/15      AC:  4    Str: 11    XL:     2   Next: 79%
Magic:  2/5        EV: 12    Int: 15    God:
Gold:   52         SH:  0    Dex: 10    Spells: 4/5 levels left

rFire   . . .      SeeInvis .   d - +0 club
rCold   . . .      Faith    .   (no shield)
rNeg    + . .      Spirit   .   a - +0 robe
rPois   ∞          Reflect  .   (no helmet)
rElec   +          Harm     .   (no cloak)
rCorr   .          Rampage  .   (no gloves)
Will    .....                   (no boots)
Stlth   ++........              (no amulet)
HPRegen 0.05/turn               (no ring)
MPRegen 0.09/turn               (no ring)

@: no status effects
A: sickness immunity, AC +2, negative energy resistance 1, electricity
resistance, torment resistance 1, petrification resistance
a: no special abilities


You were on level 1 of the Dungeon.
You visited 1 branch of the dungeon, and saw 1 of its levels.

You collected 52 gold pieces.

Inventory:

Hand Weapons
 d - a +0 club (weapon)
Armour
 a - a +0 robe (worn)
Scrolls
 c - a scroll of noise {unknown}
 e - a scroll of poison {unknown}
 g - a scroll of identify {unknown}
Potions
 b - a potion of magic
 f - 2 potions of haste {unknown}


   Skills:
 + Level 1.6 Dodging
 + Level 2.2 Stealth
 + Level 2.3 Spellcasting
 + Level 1.3 Conjurations
 + Level 3.5 Fire Magic


You had 4 spell levels left.
You knew the following spells:

 Your Spells              Type           Power      Damage    Failure   Level
a - Foxfire               Conj/Fire      36%        2x1d5     8%          1

Your spell library contained the following spells:

 Spells                   Type           Power      Damage    Failure   Level
 Scorch                   Fire           24%        2d6       8%          2
 Conjure Flame            Conj/Fire      9%         6-21      24%         3
 Inner Flame              Hex/Fire       7%         N/A       30%         3
 Flame Wave               Conj/Fire      9%         2d6       61%         4


Dungeon Overview and Level Annotations

Branches:
Dungeon (1/15)

Altars:


Innate Abilities, Weirdness & Mutations

You are immune to sickness and miasma.
Your stone body is resilient. (AC +2)
You are immune to poison.
You resist negative energy. (rN+)
You are resistant to electric shocks. (rElec)
You are resistant to unholy torment.
You are immune to petrification.


Message History

The jackal bites you but does no damage. x2
You closely miss the jackal. You punch the jackal, but do no damage.
The jackal is severely wounded.
The jackal bites you.
The jackal bites you but does no damage.
You barely miss the jackal.
The jackal is severely wounded.
The jackal bites you.
* * * LOW HITPOINT WARNING * * *
The jackal closely misses you.
You closely miss the jackal.
The jackal is severely wounded.
The jackal barely misses you.
Casting: Foxfire (safe; 9% risk of failure)
Confirm with . or Enter, or press ? or * to list all spells.
You don't know that spell.
Unknown command.
You barely miss the jackal.
The jackal is severely wounded.
The jackal closely misses you. x2
You hit the jackal.
You kill the jackal!
The jackal closely misses you.
You closely miss the jackal. The jackal bites you.
* * * LOW HITPOINT WARNING * * *
The jackal misses you.
Casting: Foxfire (safe; 8% risk of failure)
Confirm with . or Enter, or press ? or * to list all spells.
You don't know that spell.
Unknown command.
Casting: Foxfire (safe; 8% risk of failure)
Confirm with . or Enter, or press ? or * to list all spells.
You don't know that spell.
Unknown command.
Casting: Foxfire (safe; 8% risk of failure)
Confirm with . or Enter, or press ? or * to list all spells.
You don't know that spell.
Unknown command.
The jackal attacks as you move away! The jackal bites you.
You die...

#.# #.# #.# #.# ########.#
#.....##.#
##.##.##.#######.#
#.##.#..h@......#
#.##.#..#########
#.##.#.......... .....
##.##.##...######## .....
#.........)#......####.....
##.##.##..h)...............
####.####....#.....#....#
#....................##
#######.†..............


You could see a jackal.

Vanquished Creatures
  A dart slug (D:1)
  2 goblins (D:1)
  3 jackals (D:1)
  2 kobolds (D:1)
  A quokka (D:1)
  4 ball pythons (D:1)
  3 bats (D:1)
  A frilled lizard (D:1)
17 creatures vanquished.

Vanquished Creatures (others)
  46 foxfires (D:1)
46 creatures vanquished.

Grand Total: 63 creatures vanquished

Notes
Turn   | Place    | Note
-------+----------+-------------------------------------------
     0 | D:1      | funkygono the Gargoyle Fire Elementalist began the quest
                  | for the Orb.
     0 | D:1      | Reached XP level 1. HP: 10/10 MP: 3/3
   397 | D:1      | Reached XP level 2. HP: 15/15 MP: 0/5
   859 | D:1      | Slain by a jackal

Illustrated notes

Levels and vault maps discovered:
D:1:      minmay_arrival_three_doors, layout_basic,
          wander_ebering_terrifying_dragon_lair

Action                   || total
-------------------------++-------
Melee: Unarmed           ||     7
       Club              ||    14
       Punch             ||     1
 Cast: Foxfire           ||    27
Armor: Robe              ||    19
Dodge: Dodged            ||    31
